 Dungeon Crawl Stone Soup version 0.21-a0-1-gaf3b9a5 (webtiles) character file.

65 tilp the Firebug (level 4, 0/33 HPs)
             Began as a Hill Orc Fire Elementalist on May 20, 2017.
             Slain by a worm (11 damage)
             ... on level 2 of the Dungeon.
             The game lasted 00:05:45 (2166 turns).

tilp the Firebug (Hill Orc Fire Elementalist)       Turns: 2166, Time: 00:05:45

Health: 0/33       AC:  2    Str: 10    XL:     4   Next: 14%
Magic:  7/7        EV: 12    Int: 16    God:
Gold:   15         SH:  0    Dex: 11    Spells: 3/7 levels left

rFire    . . .     SeeInvis .   d - +0 mace
rCold    . . .     Gourm    .   (no shield)
rNeg     . . .     Faith    .   a - +0 robe
rPois    .         Spirit   .   (no helmet)
rElec    .         Reflect  .   (no cloak)
rCorr    .         Harm     .   (no gloves)
MR       .....                  (no boots)
Stlth    ++........             (no amulet)
Regen    0.2/turn               (no ring)
MPRegen  0.1/turn               (no ring)

@: no status effects
A: no striking features
a: no special abilities


You were on level 2 of the Dungeon.
You were not hungry.

You visited 1 branch of the dungeon, and saw 2 of its levels.

You collected 15 gold pieces.

Inventory:

Hand Weapons
 d - a +0 mace (weapon)
Missiles
 c - 33 stones (quivered)
Armour
 a - a +0 robe (worn)
Jewellery
 e - a cursed -5 ring of dexterity {unknown}
 j - a +4 ring of protection {unknown}
Scrolls
 h - a scroll of immolation {unknown}
 i - a scroll of amnesia {unknown}
Potions
 g - a potion of ambrosia {unknown}
Books
 b - a book of Flames

   Spells                             Type                      Level
   a - Flame Tongue                   Conjuration/Fire             1
   b - Throw Flame                    Conjuration/Fire             2
   c - Conjure Flame                  Conjuration/Fire             3
   d - Inner Flame                    Hexes/Fire                   3
   e - Sticky Flame                   Conjuration/Fire             4
   f - Fireball                       Conjuration/Fire             5
Comestibles
 f - 4 chunks of flesh
 k - a meat ration


   Skills:
 + Level 1.2 Maces & Flails
 - Level 1.5 Dodging
 - Level 1.5 Stealth
 * Level 2.0 Spellcasting
 * Level 2.0 Conjurations
 * Level 4.2 Fire Magic


You had 3 spell levels left.
You knew the following spells:

 Your Spells              Type           Power        Failure   Level  Hunger
a - Flame Tongue          Conj/Fire      ##...        6%          1    #......
b - Conjure Flame         Conj/Fire      ##......     17%         3    ###....


Dungeon Overview and Level Annotations

Branches:
Dungeon (2/15)

Altars:


Message History

You start resting.
HP restored.
Found a stone staircase leading down.
A worm comes into view.
Some of the chunks of flesh in your inventory have rotted away.
You hit the worm.
The worm is moderately wounded.
The worm closely misses you.
You barely miss the worm.
The worm is lightly wounded.
The worm bites you!
You hit the worm but do no damage.
The worm is lightly wounded.
The worm bites you!
You completely miss the worm.
The worm is lightly wounded.
You hit the worm.
The worm is lightly wounded.
The worm bites you!
You die...

.#####..>##.#
.......####.#######
.........##........
#...........#######
#........##.####.#
#........##......#
#.....##########.#
#.....# #.# ###...#
#@# ..... #w# ...
#.# #.# #.# #.# #.#
#.#


You could see a worm.

Vanquished Creatures
  An adder (D:2)
  An ooze (D:1)
  3 dart slugs
  A leopard gecko (D:1)
  7 bats (D:1)
  2 giant cockroaches
  3 goblins
  6 hobgoblins
  4 jackals (D:1)
  A quokka (D:2)
  A ball python (D:1)
  A frilled lizard (D:1)
  4 kobolds
  9 rats
44 creatures vanquished.

Notes
Turn   | Place    | Note
-------+----------+-------------------------------------------
     0 | D:1      | tilp the Hill Orc Fire Elementalist began the quest for the Orb.
     0 | D:1      | Reached XP level 1. HP: 14/14 MP: 3/3
   123 | D:1      | Reached XP level 2. HP: 19/20 MP: 4/4
  1139 | D:1      | Reached skill level 4 in Fire Magic
  1223 | D:1      | Reached XP level 3. HP: 16/26 MP: 5/5
  1495 | D:1      | Learned a level 3 spell: Conjure Flame
  2054 | D:2      | Reached XP level 4. HP: 33/33 MP: 4/7
  2073 | D:2      | Reached skill level 1 in Maces & Flails
  2166 | D:2      | Slain by a worm

Vault maps used:
D:1:      onia_arrival_handbag
D:2:      chequers_ecumenical_altar_simple, first_bread,
          minmay_gold_behind_fungi, uniq_natasha

Skill      XL: |  1  2  3  4 |
---------------+-------------+-----
Fire Magic     | 4 |  4.2
Spellcasting   | 2 |  2.0
Conjurations   | 2 |  2.0
Maces & Flails | 1 |  1.2
Dodging        | |  1.5
Stealth        | |  1.5

Action                   |  1- 3 |  4- 6 || total
-------------------------+-------+-------++-------
Melee: Mace              |    85 |    13 ||    98
Throw: Stone             |     9 |       ||     9
 Cast: Flame Tongue      |    30 |     4 ||    34
 Stab: Sleeping          |     3 |       ||     3
  Eat: Bread ration      |     1 |       ||     1
Armor: Robe              |    24 |     1 ||    25
Dodge: Dodged            |    84 |     3 ||    87
